 Dungeon Crawl Stone Soup version 0.27-a0-1374-gc14e5d3922 (webtiles) character file.

Game seed: 188461098983207970

163 Lentor the Chopper (level 5, 0/47 HPs)
             Began as a Minotaur Berserker on June 29, 2021.
             Was a Believer of Trog.
             Slain by Pikel (2 damage)
             ... on level 4 of the Dungeon.
             The game lasted 00:04:51 (3619 turns).

Lentor the Chopper (Minotaur Berserker)             Turns: 3619, Time: 00:04:51

Health: 0/47       AC:  3    Str: 23    XL:     5   Next: 20%
Magic:  4/4        EV: 12    Int:  4    God:    Trog [**....]
Gold:   151        SH:  0    Dex:  9    Spells: 4/4 levels left

rFire    . . .     SeeInvis .   a - +0 hand axe
rCold    . . .     Faith    .   (no shield)
rNeg     . . .     Spirit   .   b - +0 animal skin
rPois    .         Reflect  .   (helmet restricted)
rElec    .         Harm     .   (no cloak)
rCorr    .         Rampage  .   (no gloves)
Will     .....                  p - +0 pair of boots
Stlth    +.........             (no amulet)
HPRegen  0.15/turn              (no ring)
MPRegen  0.09/turn              (no ring)

@: no status effects
A: horns 2, retaliatory headbutt
a: Renounce Religion, Berserk, Trog's Hand


You were on level 4 of the Dungeon.
You worshipped Trog.
Trog was pleased with you.
You visited 1 branch of the dungeon, and saw 4 of its levels.

You collected 151 gold pieces.

Inventory:

Hand Weapons
 a - a +0 hand axe (weapon)
Missiles
 e - 36 sling bullets
 n - 17 poisoned darts
Armour
 b - a +0 animal skin (worn)
 p - a +0 pair of boots (worn)
Wands
 l - a wand of digging (3)
 r - a wand of mindburst (16)
Scrolls
 d - 5 scrolls of identify {unknown}
 f - 2 scrolls of magic mapping {unknown}
 g - a scroll of amnesia {unknown}
 j - a scroll of noise {unknown}
 k - a scroll of fear {unknown}
Potions
 c - a potion of berserk rage {unknown}
 h - a potion of curing {unknown}
 i - a potion of mutation {unknown}
 m - 2 potions of heal wounds {unknown}
 o - 2 potions of flight {unknown}
 q - a potion of cancellation {unknown}
 s - a potion of haste {unknown}


   Skills:
 + Level 4.5 Fighting
 + Level 5.5 Axes
 + Level 2.7 Armour
 + Level 3.1 Dodging
 - Level 0.6 Stealth
 * Level 1.0 Evocations


You had 4 spell levels left.
You didn't know any spells.
Your spell library contained the following spells:

 Spells                   Type           Power      Damage    Failure   Level
 Confusing Touch          Hex            0%         N/A       86%         3
 Gell's Gravitas          Tloc           0%         N/A       86%         3
 Petrify                  Tmut/Erth      0%         N/A       99%         4
 Metabolic Englaciation   Hex/Ice        0%         N/A       100%        5
 Yara's Violent Unravell  Hex/Tmut       0%         3d3       100%        5


Dungeon Overview and Level Annotations

Branches:
Dungeon (4/15)
 Temple: D:4-7

Altars:

Annotations:
D:4 Duvessa, Pikel


Innate Abilities, Weirdness & Mutations

You have a pair of horns on your head.
You reflexively headbutt those who attack you in melee.


Message History

Pikel the Slaver comes into view.
He is wielding a +1 whip of freezing.
Found an escape hatch in the ceiling.
There is a stone staircase leading up here.
You climb upwards.
There is a stone staircase leading down here.
There is a stone staircase leading down here.
You climb downwards.
Level annotation: Pikel
There is a stone staircase leading up here.
Pikel shouts!
You hear a shout!
Pikel is nearby!
Pikel misses you. You furiously retaliate!
You headbutt Pikel!
Found a ring mail, a sedimented emerald potion and 10 gold pieces.
You barely miss Pikel.
Pikel is moderately wounded.
Pikel hits you with a +1 whip of freezing.
Pikel freezes you.
Duvessa, Sister of Dowan comes into view.
She is wielding a +0 short sword.
You barely miss Pikel. Your headbutt misses Pikel.
Pikel is moderately wounded.
Pikel hits you with a +1 whip of freezing.
Pikel freezes you.
You miss Pikel. Your headbutt misses Pikel.
Pikel is moderately wounded.
Pikel hits you with a +1 whip of freezing.
Pikel freezes you.
You completely miss Pikel. You headbutt Pikel, but do no damage.
Pikel is moderately wounded.
Pikel hits you with a +1 whip of freezing!
Pikel freezes you.
You barely miss Pikel.
Pikel is moderately wounded.
Pikel hits you with a +1 whip of freezing!
* * * LOW HITPOINT WARNING * * *
Pikel freezes you.
* * * LOW HITPOINT WARNING * * *
Pikel hits you with a +1 whip of freezing!
* * * LOW HITPOINT WARNING * * *
Pikel freezes you.
You die...

...... ......
....#############
..#.##......... ##
##..##......... # !.
####...##......... ..# #.
#....#.##.........
....##[##.####.##.........
#......#K@# #.##.........
#......e.## #.##.........
###....### #.##.........
....... #.##.........
#####.. #.##......... #..
#.#####....##
#...######.#####.##.#
#.......#........##.#
.$.............####.#


You could see Pikel and Duvessa.

Vanquished Creatures
  Natasha (twice) (D:4)
  4 adders
  2 worms
  2 dart slugs (D:1)
  8 ball pythons
  7 endoplasms
  3 giant cockroaches
  4 goblins
  6 hobgoblins
  6 jackals
  4 quokkas
  7 bats
  3 frilled lizards
  A kobold (D:1)
  4 rats
63 creatures vanquished.

Notes
Turn   | Place    | Note
-------+----------+-------------------------------------------
     0 | D:1      | Lentor the Minotaur Berserker began the quest for the Orb.
     0 | D:1      | Reached XP level 1. HP: 19/19 MP: 0/0
    25 | D:1      | Found a faded altar of an unknown god.
   169 | D:1      | Reached XP level 2. HP: 20/27 MP: 1/1
   330 | D:1      | Reached skill level 4 in Axes
   843 | D:1      | Reached XP level 3. HP: 32/33 MP: 2/2
  1861 | D:2      | Reached ** piety under Trog
  2268 | D:3      | Reached XP level 4. HP: 7/40 MP: 3/3
  2793 | D:3      | Reached skill level 5 in Axes
  3287 | D:4      | Noticed Natasha
  3292 | D:4      | Killed Natasha
  3373 | D:4      | Noticed Natasha
  3376 | D:4      | Reached XP level 5. HP: 40/47 MP: 4/4
  3395 | D:4      | Killed Natasha
  3396 | D:4      | Reached skill level 1 in Evocations
  3525 | D:4      | Noticed a lemure
  3525 | D:4      | Noticed a lemure
  3526 | D:4      | Noticed Pikel
  3527 | D:4      | Noticed a lemure
  3613 | D:4      | Noticed Duvessa
  3619 | D:4      | HP: 2/47 [Pikel (7)]
  3619 | D:4      | Slain by Pikel

Illustrated notes

Levels and vault maps discovered:
D:1:      amcnicky_arrival_abandoned_market, layout_loops_ring,
          ebering_ecumenical_altar_abandoned, hex_large, st_stairs_4,
          kennysheep_minor_cross
D:2:      layout_basic
D:3:      layout_loops_ring
D:4:      layout_rooms, chequers_mini_garden, uniq_duvessa, uniq_pikel,
          uniq_natasha

Skill      XL: |  1  2  3  4  5 |
---------------+----------------+-----
Fighting       | 4 |  4.5
Axes           | 4 5 |  5.5
Dodging        | 3 |  3.1
Evocations     | 1 |  1.0
Armour         | |  2.7
Stealth        | |  0.6

Action                   |  1- 3 |  4- 6 || total
-------------------------+-------+-------++-------
Melee: Hand axe          |    83 |    54 ||   137
       Headbutt          |    10 |    10 ||    20
 Stab: Sleeping          |       |     1 ||     1
Armor: Animal skin       |    20 |     5 ||    25
Dodge: Dodged            |    58 |    26 ||    84

Table legend: (Time is in decaauts)
 A = Elapsed time spent in this place.
 B = Non-inter-level travel time spent in this place.
 C = Inter-level travel time spent in this place.
 D = Time resting spent in this place.
 E = Time spent auto-exploring this place.
 F = Levels seen in this place.
 G = Mean time per level.
                   A        B        C        D        E       F      G
               +--------+--------+--------+--------+--------+-----+--------+
         Total |   3637 |   3527 |    110 |    631 |   2484 |   4 |  909.2 |
       Dungeon |   3637 |   3527 |    110 |    631 |   2484 |   4 |  909.2 |
               +--------+--------+--------+--------+--------+-----+--------+

Top non-repeatable levels by time:
     D:2: 1428 daAuts
     D:1: 1036 daAuts
     D:3: 865 daAuts
     D:4: 307 daAuts
